 Dungeon Crawl Stone Soup version 0.28-a0-691-gad6df49e81 (webtiles) character file.

Game seed: 15426924692536551223

378 rogsnak the Gusty (level 6, 0/41 HPs)
             Began as a Barachi Air Elementalist on Oct 22, 2021.
             Succumbed to an adder's poison
             ... on level 4 of the Dungeon.
             The game lasted 00:08:05 (4646 turns).

rogsnak the Gusty (Barachi Air Elementalist)        Turns: 4646, Time: 00:08:06

Health: 0/41       AC:  3    Str:  8 (9)  XL:     6   Next: 74%
Magic:  1/11       EV: 12    Int: 16 (18) God:
Gold:   118        SH:  0    Dex:  9 (12) Spells: 4/12 levels left

rFire   . . .      SeeInvis .   e - +1 dagger (venom)
rCold   . . .      Faith    .   (no shield)
rNeg    . . .      Spirit   .   a - +0 robe
rPois   .          Reflect  .   (no helmet)
rElec   .          Harm     .   f - +0 cloak
rCorr   .          Rampage  .   (no gloves)
Will    .....                   (no boots)
Stlth   ++........              (no amulet)
HPRegen 0.13/turn               (no ring)
MPRegen 0.12/turn               (no ring)

@: lethally poisoned (0 -> -2), unable to hop, slow
A: amphibious, slowness 1, strong legs 1, +LOS
a: Hop


You were on level 4 of the Dungeon.
You visited 1 branch of the dungeon, and saw 4 of its levels.

You collected 118 gold pieces.

Inventory:

Hand Weapons
 e - a +1 dagger of venom (weapon)
 g - a +0 flail
 k - a +1 dagger of speed
Missiles
 h - 13 bolts
 n - 4 boomerangs
 o - 31 poisoned darts
 q - 54 stones
Armour
 a - a +0 robe (worn)
 f - a +0 cloak (worn)
Magical Staves
 m - a staff of cold
Jewellery
 t - a ring of positive energy
Wands
 p - a wand of flame (24)
Scrolls
 b - 2 scrolls of noise {unknown}
 c - 2 scrolls of brand weapon {unknown}
 d - 4 scrolls of identify {unknown}
 j - 2 scrolls of magic mapping {unknown}
 r - a scroll of blinking {unknown}
 s - a scroll of enchant weapon {unknown}
 u - a scroll of fog {unknown}
 v - a scroll of amnesia {unknown}
 w - a scroll of enchant armour {unknown}
Potions
 i - a potion of degeneration
 l - a potion of cancellation


   Skills:
 + Level 0.2 Fighting
 + Level 2.9 Dodging
 - Level 2.0 Stealth
 + Level 3.8 Spellcasting
 * Level 4.7 Conjurations
 + Level 4.9 Air Magic


You had 4 spell levels left.
You knew the following spells:

 Your Spells              Type           Power      Damage    Failure   Level
a - Shock                 Conj/Air       72%        1d7       2%          1
b - Swiftness             Air            18%        N/A       7%          3
c - Airstrike             Air            9%         N/A       22%         4

Your spell library contained the following spells:

 Spells                   Type           Power      Damage    Failure   Level
 Static Discharge         Conj/Air       18%        N/A       3%          2
 Animate Skeleton         Necr           6%         N/A       17%         1
 Apportation              Tloc           6%         N/A       17%         1
 Summon Small Mammal      Summ           12%        N/A       17%         1


Dungeon Overview and Level Annotations

Branches:
Dungeon (4/15)
 Temple: D:4-7

Altars:


Innate Abilities, Weirdness & Mutations

You are amphibious.
You cover ground slowly.
You can hop short distances.
You have an extended range of vision and can be seen from far away.


Message History

Aim: a necrophage (heavily damaged, 71% to hit)
The zap hits the necrophage.
The necrophage is severely damaged.
You feel very sick. The necrophage hits you.
You feel drained.
You hit the necrophage.
The necrophage is severely damaged.
You feel very sick. The necrophage hits you.
* * * LOW HITPOINT WARNING * * *
You feel drained.
* * * LOW HITPOINT WARNING * * *
* * * LOW HITPOINT WARNING * * *
You feel sick.
Aiming: Throw Flame
Press: ? - help, Shift-Dir - straight line, f/p - necrophage
Aim: a necrophage (severely damaged, 68% to hit)
The puff of flame hits the necrophage.
The necrophage is almost destroyed.
* * * LOW HITPOINT WARNING * * *
You feel sick. The necrophage barely misses you.
Aiming: Throw Flame
Press: ? - help, Shift-Dir - straight line, f/p - necrophage
Aim: a necrophage (almost destroyed, 68% to hit)
The puff of flame hits the necrophage!
You destroy the necrophage!
* * * LOW HITPOINT WARNING * * *
You feel sick.
Your life force feels restored.
Unknown command.
There is a lethal amount of poison in your body!
* * * LOW HITPOINT WARNING * * *
You feel sick.
It was a potion of degeneration.
There was something very wrong with that liquid.
You feel weakened.
You feel dopey.
You feel clumsy.
* * * LOW HITPOINT WARNING * * *
You feel sick.
It was a potion of cancellation.
You feel magically purged.
You die...

######## ###### #......#
#....# #......# #....#
#......# #....# #......#
#....#### #......#
#.......#############......#
#....##..........†(........#
###.###########@.##..[.....#
#.##### ####..#...####...##
#.....###....#..###
###..###. ##
#.........####.## ##...n.
.###.###.#######..# #.....
................)#######
#.####
.............)...........
#.#
.#######.....###########.
... .# #.###..# ##..


There were no monsters in sight!

Vanquished Creatures
  A necrophage (D:4)
  An ogre (D:3)
  A phantom (D:3)
  An iguana (D:4)
  2 adders
  2 worms
  A dart slug (D:1)
  3 orcs
  12 ball pythons
  8 endoplasms
  7 giant cockroaches
  4 goblins
  6 hobgoblins
  3 jackals (D:3)
  8 kobolds
  3 quokkas (D:1)
  7 bats
  3 frilled lizards (D:3)
  11 rats
84 creatures vanquished.

Notes
Turn   | Place    | Note
-------+----------+-------------------------------------------
     0 | D:1      | rogsnak the Barachi Air Elementalist began the quest for
                  | the Orb.
     0 | D:1      | Reached XP level 1. HP: 13/13 MP: 3/3
   389 | D:1      | Reached XP level 2. HP: 18/19 MP: 0/5
   874 | D:1      | Reached XP level 3. HP: 24/24 MP: 1/6
   878 | D:1      | Learned a level 3 spell: Swiftness
  1898 | D:2      | Reached XP level 4. HP: 30/30 MP: 5/7
  1914 | D:2      | Learned a level 4 spell: Airstrike
  2912 | D:3      | Noticed an ogre
  2932 | D:3      | Killed an ogre
  2933 | D:3      | Reached XP level 5. HP: 35/35 MP: 2/9
  4130 | D:4      | Noticed a phantom
  4164 | D:3      | Killed a phantom
  4165 | D:3      | Reached XP level 6. HP: 6/41 MP: 2/11
  4620 | D:4      | Noticed a necrophage
  4643 | D:4      | Killed a necrophage
  4644 | D:4      | HP: 1/41 [poisoned by an adder]
  4646 | D:4      | Succumbed to an adder's poison

Illustrated notes

Levels and vault maps discovered:
D:1:      giann_horns, layout_basic
D:2:      layout_loops_ring, minmay_hexomino_u4
D:3:      layout_basic
D:4:      layout_rooms, uniq_ijyb

Skill      XL: |  1  2  3  4  5 |
---------------+----------------+-----
Conjurations   | 2 3 4 |  4.7
Air Magic      | 4 |  4.9
Stealth        | 2 |  2.0
Spellcasting   | 3 |  3.8
Fighting       | |  0.2
Dodging        | |  2.9

Action                   |  1- 3 |  4- 6 || total
-------------------------+-------+-------++-------
Melee: Unarmed           |     7 |       ||     7
       Dagger            |    17 |    31 ||    48
 Cast: Shock             |    73 |    99 ||   172
 Abil: Hop               |       |     3 ||     3
Evoke: Wand              |       |     2 ||     2
  Use: Potion            |       |     2 ||     2
Armor: Robe              |     9 |     5 ||    14
Dodge: Dodged            |    18 |    30 ||    48

Table legend: (Time is in decaauts)
 A = Elapsed time spent in this place.
 B = Non-inter-level travel time spent in this place.
 C = Inter-level travel time spent in this place.
 D = Time resting spent in this place.
 E = Time spent auto-exploring this place.
 F = Levels seen in this place.
 G = Mean time per level.
                   A        B        C        D        E       F      G
               +--------+--------+--------+--------+--------+-----+--------+
         Total |   5086 |   4973 |    113 |   1104 |   3153 |   4 | 1271.5 |
       Dungeon |   5086 |   4973 |    113 |   1104 |   3153 |   4 | 1271.5 |
               +--------+--------+--------+--------+--------+-----+--------+

Top non-repeatable levels by time:
     D:3: 1711 daAuts
     D:1: 1579 daAuts
     D:2: 1236 daAuts
     D:4: 559 daAuts
